 Dungeon Crawl Stone Soup version 0.20-a0-217-g17e8ceb (webtiles) character file.

64667 DarthKuruptios2 the Fencer (level 14, -20/132 HPs)
             Began as a Minotaur Berserker on Nov 24, 2016.
             Was the Champion of Trog.
             Demolished by an orc knight
             ... wielding a +0 war axe
              (25 damage)
             ... on level 1 of the Orcish Mines on Nov 28, 2016.
             The game lasted 01:11:29 (18768 turns).

DarthKuruptios2 the Fencer (Minotaur Berserker)    Turns: 18768, Time: 01:11:29

Health: -20/132    AC: 22    Str: 27    XL:     14   Next: 72%
Magic:  2/2        EV: 21    Int:  2    God:    Trog [******]
Gold:   1458       SH:  9    Dex: 26    Spells: 13/13 levels left

rFire  . . .     SeeInvis +     t - +11 falchion of Doom {drain, rPois Int-4 Dex+9}
rCold  . . .     Gourm    .     D - +1 ring mail of Xouzerph {-Cast rC- MR+ Dex+6}
rNeg   + . .     Faith    .     P - +0 shield
rPois  +         Spirit   .     S - +2 hat
rElec  .         Reflect  .     F - +2 cloak {+Inv}
rCorr  +         Harm     .     H - +2 pair of gloves
MR     ++...     Rnd*Rage +     K - +0 pair of boots "Fatitopn" {rN+ rCorr MP-9}
Stlth  ++........ NoCast   +    (no amulet)
                                m - ring of see invisible
                                X - +3 ring of strength

@: no status effects
A: retaliatory headbutt, horns 2, talons 1, thin metallic scales 1, berserk 1,
cold resistance 1, low mp 1, poison resistance
a: Berserk, Trog's Hand, Brothers in Arms, Burn Spellbooks, Renounce Religion,
Evoke Invisibility


You were on level 1 of the Orcish Mines.
You worshipped Trog.
Trog was exalted by your worship.
You were hungry.

You visited 3 branches of the dungeon, and saw 20 of its levels.
You also visited: Labyrinth, Sewer and Ossuary.

You collected 1896 gold pieces.
You spent 438 gold pieces at shops.

Inventory:

Hand Weapons
 a - the +3 halberd of Qunas {pain, rC+ MR+ Str+3 Dex+4}
   (You found it in a labyrinth)

   In the hands of one skilled in necromantic magic, it inflicts extra damage on
   living creatures.
   It affects your strength (+3).
   It affects your dexterity (+4).
   It protects you from cold.
   It affects your resistance to hostile enchantments.
 t - the +11 falchion of Doom (weapon) {drain, rPois Int-4 Dex+9}
   (You found it on level 4 of the Dungeon)

   A truly terrible weapon, it drains the life of those it strikes.
   It affects your intelligence (-4).
   It affects your dexterity (+9).
   It protects you from poison.
 y - the +3 hand axe of Defence {pain, Str+9}
   (You found it in a labyrinth)

   In the hands of one skilled in necromantic magic, it inflicts extra damage on
   living creatures.
   It affects your strength (+9).
 Z - the +5 flail "Death Rattle" {crush, Int+5}
   (You found it on level 11 of the Dungeon)

   It inflicts extra damage upon your enemies.
   It affects your intelligence (+5).
Missiles
 x - 20 steel javelins (quivered)
Armour
 D - the +1 ring mail of Xouzerph (worn) {-Cast rC- MR+ Dex+6}
   (You found it on level 7 of the Dungeon)

   It affects your dexterity (+6).
   It makes you vulnerable to cold.
   It affects your resistance to hostile enchantments.
   It prevents spellcasting.
 F - a +2 cloak of invisibility (worn)
 H - a +2 pair of gloves (worn)
 K - the +0 pair of boots "Fatitopn" (worn) {rN+ rCorr MP-9}
   (You found it on level 1 of the Lair of Beasts)

   It protects you from negative energy.
   It affects your magic capacity (-9).
   It protects you from acid and corrosion.
 P - a +0 shield (worn)
 R - the +4 moon troll leather armour {Spirit, Regen++ MP+5}
   (You acquired it in a labyrinth)

   It affects your magic capacity (+5).
   It increases your rate of regeneration.
 S - a +2 hat (worn)
Jewellery
 m - a ring of see invisible (right hand)
 v - an uncursed ring of resist corrosion
 z - the ring of Benevolence {Fire rN+}
   (You found it on level 11 of the Dungeon)

   [ring of fire]

   It enhances your fire magic.
   It protects you from fire.
   It makes you vulnerable to cold.
   It protects you from negative energy.
 M - an uncursed ring of flight
 X - a +3 ring of strength (left hand)
Scrolls
 b - 6 scrolls of fog
 d - 5 scrolls of identify
 e - a scroll of magic mapping
 j - 6 scrolls of remove curse
 k - 2 scrolls of immolation
 n - 11 scrolls of teleportation
 o - 6 scrolls of recharging
 B - 5 scrolls of enchant armour
 G - 2 scrolls of fear
 N - 3 scrolls of enchant weapon
Potions
 f - a potion of agility
 i - 4 potions of brilliance
 l - a potion of mutation
 p - a potion of cure mutation
 q - 4 potions of magic
 r - 8 potions of curing
 s - 3 potions of haste
 w - 4 potions of flight
 A - 2 potions of berserk rage
 C - 2 potions of ambrosia
 I - a potion of resistance
 J - 3 potions of lignification
 T - 3 potions of invisibility
 V - 2 potions of cancellation
Comestibles
 c - 13 bread rations
 g - 2 beef jerkies
 h - 10 meat rations
 u - 17 royal jellies
 E - 15 fruits
 O - a slice of pizza


   Skills:
 + Level 14.0 Fighting
 * Level 17.8 Long Blades
 - Level 7.2 Axes
 + Level 13.9 Armour
 + Level 12.9 Dodging
 - Level 0.3 Stealth


You had 13 spell levels left.
You didn't know any spells.

Dungeon Overview and Level Annotations

Branches:
Dungeon (12/15)            Temple (0/1) D:7            Lair (6/6) D:10
 Shoals (0/4) Lair:2       Spider (0/4) Lair:3        Slime (0/5) Lair:5
    Orc (2/2) D:12
    Elf: Orc:2

Altars:
Ashenzari
Cheibriados
Fedhas
Hepliaklqana
Makhleb
Okawaru
Qazlal
Ru
Trog
Uskayaw
Vehumet
Yredelemnul
Zin
The Shining One
Beogh
Jiyva

Shops:
D:6 (   D:10 %   D:11 !


Innate Abilities, Weirdness & Mutations

You reflexively headbutt those who attack you in melee.
You have a pair of horns on your head.
You have sharp toenails.
You are partially covered in thin metallic scales. (AC +2)
You tend to lose your temper in combat.
Your flesh is cold resistant. (rC+)
Your magical capacity is low. (-10% MP)
Your system is resistant to poisons. (rPois)


Message History

The orc knight roars a battlecry!
The orc goes into a battle-frenzy!
You block the orc's attack.
The orc warrior hits you with a hand axe!!
* * * LOW HITPOINT WARNING * * *
The orc sorcerer mumbles some strange words.
The orc warrior hits you from afar with a trident!
* * * LOW HITPOINT WARNING * * *
You block the orc's attack.
The orc warrior hits you with a vampiric battleaxe!
* * * LOW HITPOINT WARNING * * *
The orc misses you.
You climb upwards.
There is a stone staircase leading down here.
Okay, then.
As you read the scroll of fear, it crumbles to dust.
You assume a fearsome visage.
The orc warrior looks frightened! x2
The orc looks frightened! x4; The orc knight easily resists.
The orc knight hits you with a war axe!!
You die...

##........[##...#
##.#....)[<[..#.#####
#####...##.##[))....##..##
##.##...###...)...........#
#...#...#................##
##..##...........#........#
#....#.......o...........##
##.............oo#.#...#.##
#.............o@o.#.......#
##............o.[.........#
#...............o.......##
##.#.....................#
###.....................#
###.##....#..............##
##.....................#.##
#...................#...##
##.#.#.##...#............#


You could see an orc knight, 2 orc warriors and 4 orcs.

Vanquished Creatures
  A minotaur (Lab)
  Harold (Lair:3)
  Fannar (Lair:3)
  3 hydras
  A catoblepas (Lair:6)
  Urug (Orc:1)
  An orc high priest (Orc:2)
  4 unseen horrors
  4 hill giants (D:10)
  4 lindwurms (D:11)
  2 orc knights (Orc:2)
  A cyclops (D:12)
  2 ugly things
  3 elephants (Lair:4)
  Joseph (D:7)
  5 black mambas
  A molten gargoyle (Lair:1)
  2 torpor snails
  A gargoyle (D:11)
  27 spiny frogs
  2 rime drakes (Lair:5)
  10 komodo dragons
  A demonic crawler (Lair:3)
  A troll (Orc:2)
  2 meliai (Lair:5)
  A queen bee (Lair:5)
  3 tyrant leeches (Lair:6)
  22 dream sheep
  6 slime creatures (D:12)
  14 blink frogs
  2 hornets
  11 hippogriffs
  37 yaks
  A wraith (D:10)
  5 wyverns
  2 basilisks
  3 vampires
  A hungry ghost (D:12)
  6 vampire mosquitoes (Lair:6)
  Edmund (D:4)
  3 wargs (Orc:2)
  2 hell hounds (D:10)
  12 water moccasins
  2 soldier ants (D:10)
  An acid dragon (D:11)
  4 porcupines
  6 sky beasts
  21 orc warriors
  Purgy (Sewer)
  2 black bears
  3 ice beasts
  6 phantoms
  6 ogres
  7 wolves
  9 crocodiles
  2 centaurs
  2 big kobolds
  Blork the orc (D:5)
  3 elf zombies (Ossuary)
  27 bullfrogs
  2 scorpions
  31 killer bees
  3 wights (D:6)
  3 electric eels
  2 crimson imps
  4 centaur zombies
  2 bullfrog zombies
  4 centaur skeletons
  2 jellies (D:5)
  2 quasits
  20 orc priests
  A hound (D:9)
  12 orc wizards
  A bullfrog skeleton (D:4)
  Ijyb (D:3)
  A hell rat (Lair:5)
  6 iguanas
  7 worker ants
  Natasha (thrice) (D:3)
  A killer bee zombie (D:9)
  2 big kobold zombies (Ossuary)
  2 hound zombies
  2 mummies (Ossuary)
  2 worker ant zombies
  7 gnolls
  2 howler monkey skeletons
  2 river rats (Lair:4)
  11 adders
  2 shadow imps
  2 adder zombies
  5 worms
  2 dart slugs
  3 leopard geckos
  64 orcs
  3 ball pythons (Sewer)
  7 giant cockroaches
  7 goblins
  4 hobgoblins
  18 jackals
  14 kobolds
  7 quokkas
  9 bats
  9 frilled lizards
  A goblin zombie (Ossuary)
  10 hobgoblin zombies (Ossuary)
  A jackal skeleton (D:5)
  10 kobold zombies (Ossuary)
  6 orc zombies (Ossuary)
  A quokka zombie (D:9)
  3 rats
  2 rat zombies (Ossuary)
  4 plants
649 creatures vanquished.

Vanquished Creatures (collateral kills)
  A death yak (Lair:5)
  5 oklob plants
  A black mamba (Lair:5)
  A meliai (Lair:5)
  A crocodile (Lair:5)
  3 killer bees (Lair:5)
  A plant (Lair:1)
13 creatures vanquished.

Vanquished Creatures (others)
  17 fungi (Lair:6)
  28 plants
45 creatures vanquished.

Grand Total: 707 creatures vanquished

Notes
Turn   | Place    | Note
-------+----------+-------------------------------------------
     0 | D:1      | DarthKuruptios2 the Minotaur Berserker began the quest for the Orb.
     0 | D:1      | Reached XP level 1. HP: 19/19 MP: 0/0
   467 | D:1      | Reached XP level 2. HP: 21/27 MP: 1/1
   710 | D:2      | Found a hide-covered altar of Uskayaw.
   710 | D:2      | Noticed a dagger
   711 | D:2      | Noticed a dagger
   986 | D:2      | Reached XP level 3. HP: 12/33 MP: 2/2
  1902 | D:3      | Found a hazy altar of Hepliaklqana.
  2099 | D:3      | Noticed Ijyb
  2114 | D:3      | Killed Ijyb
  2114 | D:3      | Reached XP level 4. HP: 41/41 MP: 3/3
  2307 | D:3      | Reached ** piety under Trog
  2311 | D:3      | Reached skill level 5 in Fighting
  2311 | D:3      | Reached skill level 5 in Axes
  2313 | D:3      | Reached XP level 5. HP: 23/48 MP: 4/4
  2583 | D:3      | Noticed Natasha
  2587 | D:3      | Killed Natasha
  2670 | D:3      | Noticed Natasha
  2675 | D:3      | Killed Natasha
  2680 | D:3      | Noticed Natasha
  2689 | D:3      | Killed Natasha
  2784 | D:4      | Reached XP level 6. HP: 39/56 MP: 5/5
  2813 | D:4      | Noticed Edmund
  2824 | D:4      | Killed Edmund
  2895 | D:4      | Found a sand-covered staircase.
  2901 | Ossuary  | Entered an ossuary
  2950 | Ossuary  | Reached *** piety under Trog
  3008 | Ossuary  | Reached XP level 7. HP: 45/62 MP: 6/6
  3561 | D:4      | Got a twisted falchion
  3562 | D:4      | Lost intelligence.
  3562 | D:4      | Identified the +11 falchion of Doom {drain, rPois Int-4 Dex+9} (You found it on level 4 of the Dungeon)
  3664 | D:4      | Reached skill level 1 in Long Blades
  3664 | D:4      | Reached skill level 5 in Dodging
  3821 | D:5      | Entered Level 5 of the Dungeon
  3886 | D:5      | Reached skill level 2 in Long Blades
  3886 | D:5      | Reached skill level 5 in Armour
  3886 | D:5      | Reached XP level 8. HP: 57/71 MP: 7/7
  4110 | D:5      | Reached skill level 3 in Long Blades
  4158 | D:5      | Reached **** piety under Trog
  4190 | D:5      | Noticed Blork the orc
  4202 | D:5      | Killed Blork the orc
  4202 | D:5      | Reached skill level 4 in Long Blades
  4285 | D:5      | Found a shattered altar of Ashenzari.
  4527 | D:6      | Found a glowing drain.
  4534 | Sewer    | Entered a sewer
  4580 | Sewer    | Noticed Purgy
  4585 | Sewer    | Killed Purgy
  4745 | D:6      | Reached skill level 5 in Long Blades
  4767 | D:6      | Found Xiumputt's Antique Weapon Shoppe.
  4963 | D:6      | Reached ***** piety under Trog
  5222 | D:7      | Got an ancient ring mail
  5233 | D:7      | Identified the +1 ring mail of Xouzerph {-Cast rC- MR+ Dex+6} (You found it on level 7 of the Dungeon)
  5233 | D:7      | Found a stormy altar of Qazlal.
  5252 | D:7      | Found a staircase to the Ecumenical Temple.
  5278 | D:7      | Received a gift from Trog
  5424 | D:6      | Reached skill level 6 in Long Blades
  5424 | D:6      | Reached XP level 9. HP: 80/80 MP: 8/8
  5431 | D:6      | Gained mutation: You are partially covered in thin metallic scales. (AC +2) [mutagenic meat]
  5432 | D:6      | Gained mutation: Your system is resistant to poisons. (rPois) [mutagenic meat]
  5583 | D:7      | Noticed Joseph
  5594 | D:7      | Killed Joseph
  5635 | D:7      | Found a snail-covered altar of Cheibriados.
  5652 | D:7      | Reached skill level 7 in Long Blades
  5979 | D:7      | Found a glowing golden altar of the Shining One.
  5982 | D:7      | Noticed an angel
  5994 | D:7      | Found a basalt altar of Yredelemnul.
  5996 | D:7      | Noticed a profane servitor
  6190 | D:8      | Found a radiant altar of Vehumet.
  6597 | D:8      | You fall through a shaft for 2 floors!
  6597 | D:10     | Entered Level 10 of the Dungeon
  6608 | D:10     | Reached skill level 8 in Long Blades
  6872 | D:9      | Found a blossoming altar of Fedhas.
  7018 | D:9      | Reached XP level 10. HP: 91/91 MP: 9/9
  7028 | D:9      | Reached skill level 9 in Long Blades
  7031 | D:9      | Got an ichor-stained leather armour
  7062 | D:9      | Identified the +2 leather armour of Ugexehac {Str+3} (You found it on level 9 of the Dungeon)
  7207 | D:9      | Found a bloodstained altar of Trog.
  7207 | D:9      | Found a glowing silver altar of Zin.
  7213 | D:9      | Found a sacrificial altar of Ru.
  7215 | D:9      | Found a burning altar of Makhleb.
  7218 | D:9      | Found an iron altar of Okawaru.
  7292 | D:10     | Noticed a hill giant
  7296 | D:10     | Noticed a hill giant
  7299 | D:10     | Killed a hill giant
  7304 | D:10     | Killed a hill giant
  7388 | D:10     | Noticed a hill giant
  7395 | D:10     | Reached skill level 10 in Long Blades
  7398 | D:10     | Killed a hill giant
  7579 | D:10     | Found a staircase to the Lair.
  7630 | D:10     | Killed an unseen horror
  7630 | D:10     | Reached skill level 10 in Fighting
  8129 | D:10     | Reached skill level 11 in Long Blades
  8134 | D:10     | Received a gift from Trog
  8141 | D:10     | Reached XP level 11. HP: 93/100 MP: 10/10
  8247 | D:10     | Noticed a hill giant
  8271 | D:10     | Killed a hill giant
  8406 | D:10     | Found Xalad's Food Boutique.
  8421 | D:10     | Bought a meat ration for 70 gold pieces
  8421 | D:10     | Bought a meat ration for 70 gold pieces
  8421 | D:10     | Bought a meat ration for 70 gold pieces
  8782 | Lair:1   | Entered Level 1 of the Lair of Beasts
  8816 | Lair:1   | Noticed an oklob plant
  8819 | Lair:1   | Noticed an oklob plant
  8820 | Lair:1   | Noticed an oklob plant
  8828 | Lair:1   | Killed an oklob plant
  8830 | Lair:1   | Killed an oklob plant
  8832 | Lair:1   | Killed an oklob plant
  8851 | Lair:1   | Got a pair of distressingly furry boots
  8859 | Lair:1   | Identified the +0 pair of boots "Fatitopn" {rN+ rCorr MP-9} (You found it on level 1 of the Lair of Beasts)
  9273 | Lair:1   | Reached skill level 12 in Long Blades
  9641 | Lair:2   | Found a staircase to the Shoals.
  9748 | Lair:2   | Reached skill level 10 in Armour
 10372 | Lair:3   | Found a labyrinth entrance.
 10401 | Lab      | Entered a labyrinth
 11528 | Lab      | Noticed a minotaur
 11539 | Lab      | Killed a minotaur
 11582 | Lab      | Got a brightly glowing halberd
 11582 | Lab      | Got a polished hand axe
 11582 | Lab      | Got a scorched long sword
 11583 | Lab      | Identified a scroll of acquirement
 11690 | Lab      | Identified the cursed +3 halberd of Qunas {pain, rC+ MR+ Str+3 Dex+4} (You found it in a labyrinth)
 11692 | Lab      | Identified the +3 hand axe of Defence {pain, Str+9} (You found it in a labyrinth)
 11693 | Lab      | Identified the +12 long sword of Caawae {freeze, *Contam rF++ Int+2} (You found it in a labyrinth)
 11911 | Lair:3   | Found a hole to the Spider Nest.
 11990 | Lair:3   | Reached skill level 13 in Long Blades
 11996 | Lair:3   | Noticed Fannar
 12007 | Lair:3   | Killed Fannar
 12007 | Lair:3   | Reached XP level 12. HP: 110/110 MP: 2/11
 12108 | Lair:3   | Noticed Harold
 12118 | Lair:3   | Killed Harold
 12118 | Lair:3   | Reached skill level 10 in Dodging
 12208 | Lair:3   | Received a gift from Trog
 13026 | Lair:4   | Reached skill level 14 in Long Blades
 13150 | Lair:4   | Received a gift from Trog
 13796 | Lair:5   | Reached XP level 13. HP: 77/119 MP: 3/12
 14009 | Lair:5   | Reached skill level 15 in Long Blades
 14089 | Lair:5   | Found a staircase to the Slime Pits.
 14089 | Lair:5   | Found a viscous altar of Jiyva.
 14726 | Lair:6   | Entered Level 6 of the Lair of Beasts
 14822 | Lair:6   | Received a gift from Trog
 15014 | Lair:6   | Reached skill level 16 in Long Blades
 15481 | Lair:6   | Reached XP level 14. HP: 127/129 MP: 4/13
 16420 | D:11     | Found Enuar's Distillery.
 16446 | D:11     | Bought a potion of haste for 120 gold pieces
 16446 | D:11     | Bought a potion of curing for 36 gold pieces
 16446 | D:11     | Bought 2 potions of curing for 72 gold pieces
 16803 | D:11     | Got a scorched flail
 16931 | D:11     | Upgraded the game from 0.20-a0-208-g55166f7 to 0.20-a0-217-g17e8ceb
 16931 | D:11     | Identified the +5 flail "Death Rattle" {crush, Int+5} (You found it on level 11 of the Dungeon)
 16958 | D:11     | Got a pitted glass ring
 16960 | D:11     | Identified the ring of Benevolence {Fire rN+} (You found it on level 11 of the Dungeon)
 16982 | D:11     | Reached skill level 17 in Long Blades
 17045 | D:12     | Reached ****** piety under Trog
 17082 | D:12     | Gained mutation: You have sharp toenails. [mutagenic meat]
 17161 | D:12     | Received a gift from Trog
 17171 | D:12     | Gained mutation: Your magical capacity is low. (-10% MP) [mutagenic meat]
 17172 | D:12     | Gained mutation: You tend to lose your temper in combat. [mutagenic meat]
 17173 | D:12     | Gained mutation: Your flesh is cold resistant. (rC+) [mutagenic meat]
 17470 | D:12     | Found a roughly hewn altar of Beogh.
 17470 | D:12     | Found a staircase to the Orcish Mines.
 17479 | D:12     | Received a gift from Trog
 17685 | Orc:1    | Entered Level 1 of the Orcish Mines
 17707 | Orc:1    | Noticed Urug
 17995 | Orc:1    | Killed Urug
 18215 | Orc:2    | Entered Level 2 of the Orcish Mines
 18766 | Orc:2    | HP: 4/132 [orc warrior/vampiric battleaxe[an orc knight] (11)]
 18768 | Orc:1    | Demolished by an orc knight

Vault maps used:
D:1:      ncdulo_smallfort
D:2:      dancing_weapons_uskayaw, minmay_misc_feat_ornament
D:3:      overflow_temple_1_default, first_bread, uniq_natasha, uniq_iyjb
D:4:      nicolae_ossuary_entry_plus, uniq_edmund
D:5:      ashenzari_altar_1, uniq_blork_the_orc
D:6:      serial_shops, nicolae_shop_statue_plus, gup_sewer_entry_spiral,
          bh_chokoban
D:7:      grunt_temple_overflow_holy_war, grunt_qazlal_sundering, basic_altar,
          uniq_joseph
D:8:      kennysheep_little_box
D:9:      lemuel_doored_altar, minitemple
D:10:     minmay_lair_entry_lava, serial_shops, shop, serial_co_window_serial,
          co_window_paths_a, co_window_corner_a, co_window_of_opportunity_a,
          co_window_corner_a, co_window_paths_a, co_window_2corner,
          co_window_paths_c, co_window_broadway_b, co_window_unsneaky_path_a,
          co_window_broadway_b, co_window_corner_ca, co_window_corner_b,
          co_window_paths_e, hangedman_pestilent_swarm, wad_dig_loot
D:11:     serial_shops, shop, minmay_lindwurm_lava
D:12:     david_orc_5, hangedman_batty
Lair:1:   hibernation_bobbens, minmay_lair_oklob_chamber
Lair:2:   shoals_dummy_entry
Lair:3:   dummy_spider_entry, lab_entry_generic, uniq_fannar, uniq_harold
Lair:4:   pond, lemuel_fruit_tree, infiniplex_staircase_pool
Lair:5:   regret_index_harrowing_hell_hive, slime_altar_1
Lair:6:   minmay_lair_end_frog_pond, minivault_24
Orc:1:    uniq_urug
Orc:2:    grunt_orc_cross, mines2_david
Lab:      labyrinth_mini_lab, nicolae_lab_plus, nicolae_lab_grate
Sewer:    sewer_co_purgy_island
Ossuary:  ossuary_tomb_1

Skill      XL: |  1  2  3  4  5  6  7  8  9 10 11 12 13 14 |
---------------+-------------------------------------------+-----
Axes           | 4 5 6 7 |  7.2
Fighting       | 4 5 6 7 9 10 11 12 13 14 | 14.0
Dodging        | 3 4 5 6 7 8 9 11 12 | 12.9
Armour         | 3 5 6 7 9 10 11 13 | 13.9
Long Blades    | 2 6 8 11 13 14 16 17 | 17.8
Stealth        | |  0.3

Action                   |  1- 3 |  4- 6 |  7- 9 | 10-12 | 13-15 || total
-------------------------+-------+-------+-------+-------+-------++-------
Melee: Hand axe          |    85 |       |       |       |       ||    85
       Headbutt          |    11 |    14 |    64 |   180 |   235 ||   504
       War axe           |       |   113 |   163 |       |       ||   276
       Battleaxe         |       |       |    11 |       |       ||    11
       Falchion          |       |       |    84 |   393 |   591 ||  1068
       Halberd           |       |       |       |    10 |       ||    10
Invok: Berserk           |     2 |     3 |     3 |     5 |     5 ||    18
       Trog's Hand       |       |     3 |     2 |     5 |     7 ||    17
       Burn Spellbooks   |       |     1 |     2 |     2 |     2 ||     7
       Brothers in Arms  |       |       |       |     2 |     2 ||     4
 Abil: Evoke Flight      |       |       |       |     1 |     2 ||     3
  Use: Scroll            |     8 |     5 |    17 |    10 |     4 ||    44
       Potion            |     1 |       |       |     3 |       ||     4
 Stab: Sleeping          |       |       |       |     6 |       ||     6
  Eat: Chunk             |     4 |     7 |    19 |    19 |    24 ||    73
       Beef jerky        |       |       |     1 |       |       ||     1
       Fruit             |       |       |       |    11 |     4 ||    15
       Pizza             |       |       |       |       |     1 ||     1
Armor: Animal skin       |     7 |       |       |       |       ||     7
       Scale mail        |     7 |       |       |       |       ||     7
       Ring mail         |     1 |       |    34 |    76 |   142 ||   253
       Chain mail        |       |    61 |    75 |       |       ||   136
Dodge: Dodged            |    46 |    53 |   147 |   219 |   535 ||  1000
Block: Shield            |       |       |       |    58 |   139 ||   197
       Rpst.: Falchion   |       |       |     9 |    61 |   117 ||   187
